 Dungeon Crawl Stone Soup version 0.25.1-11-g244df3a29b (webtiles) character file.

Game seed: 9304676976285126953

168 SSird the Skirmisher (level 5, -7/43 HPs)
             Began as a Formicid Chaos Knight on Dec 30, 2022.
             Was a Plaything of Xom.
             Mangled by an iguana (8 damage)
             ... on level 4 of the Dungeon.
             The game lasted 00:05:30 (2807 turns).

SSird the Skirmisher (Formicid Chaos Knight)        Turns: 2807, Time: 00:05:31

Health: -7/43      AC:  7    Str: 15 (17) XL:     5   Next: 77%
Magic:  5/5        EV: 12    Int: 10 (12) God:    Xom [..*...]
Gold:   162        SH:  0    Dex: 11 (12) Spells: 4/4 levels left

rFire    + . .     SeeInvis +   a - +0 hand axe (chaos)
rCold    . . .     Gourm    .   (no shield)
rNeg     . . .     Faith    .   f - +2 leather armour
rPois    .         Spirit   .   (helmet unavailable)
rElec    .         Reflect  .   s - +0 cloak
rCorr    .         Harm     .   h - +0 pair of gloves
MR       +....                  (no boots)
Stlth    ++........             (no amulet)
HPRegen  0.14/turn              t - ring of protection from magic
MPRegen  0.09/turn              (no ring)

@: no status effects
A: permanent stasis, dig shafts and tunnels, four strong arms, antennae 3, thin
skeletal structure 1, fire resistance 1, high mp 1, wild magic 1, MP-powered
wands
a: Dig, Shaft Self, Renounce Religion


You were on level 4 of the Dungeon.
You worshipped Xom.
You were a toy of Xom.
You were not hungry.

You visited 1 branch of the dungeon, and saw 4 of its levels.

You collected 162 gold pieces.

Inventory:

Hand Weapons
 a - a +0 hand axe of chaos (weapon)
 b - a +3 short sword of protection
 u - a +3 whip
Armour
 f - a +2 leather armour (worn)
 h - a +0 pair of gloves (worn)
 s - a +0 cloak (worn)
Jewellery
 t - a ring of protection from magic (left hand)
Scrolls
 d - 3 scrolls of identify {unknown}
 g - 2 scrolls of enchant armour {unknown}
 j - a scroll of remove curse {unknown}
 k - a scroll of blinking {unknown}
 l - a scroll of fog {unknown}
 n - 2 scrolls of amnesia {unknown}
 o - a scroll of fear {unknown}
 r - 2 scrolls of teleportation {unknown}
Potions
 i - a potion of degeneration
 q - 2 potions of curing {unknown}
Comestibles
 c - 6 rations


   Skills:
 + Level 4.5 Fighting
 * Level 4.3 Axes
 + Level 3.0 Armour
 + Level 2.0 Dodging
 - Level 0.1 Stealth


You had 4 spell levels left.
You didn't know any spells.
Your spell library was empty.

Dungeon Overview and Level Annotations

Branches:
Dungeon (4/15)
 Temple: D:4-7

Altars:


Innate Abilities, Weirdness & Mutations

You cannot be hasted, slowed, berserked, paralysed or teleported.
You can dig through walls and to a lower floor.
Your four strong arms can wield two-handed weapons with a shield.
You have a pair of large antennae on your head. (SInv)
You have a somewhat thin skeletal structure. (Dex +2, Stealth)
Your flesh is heat resistant. (rF+)
You have an increased reservoir of magic. (+10% MP)
Your spells are a little harder to cast, but a little more powerful.
You expend magic power (3 MP) to strengthen your wands.


Message History

The iguana completely misses your butterfly.
The iguana barely misses you.
There is an open door here.
The iguana bites you.
* * * LOW HITPOINT WARNING * * *
It was a potion of degeneration.
There was something very wrong with that liquid.
You feel weakened.
You feel dopey.
You feel clumsy.
Xom thinks this is hilarious!
The iguana bites you but does no damage.
It was a potion of haste.
Your stasis prevents you from being hasted.
Xom roars with laughter!
The iguana barely misses you. The iguana bites you.
* * * LOW HITPOINT WARNING * * *
It was a potion of magic.
Magic courses through your body.
Xom roars with laughter!
The iguana barely misses you. The iguana bites you!
You die...
Xom laughs nastily!

#....
#..........#
.......†..# #
..........# #?
..........#
#..#######....#
+...'{...#....#
#..##....'....#
#. #....#ll..#
# #bbbl#@...#
#{{..#....#
#....#....#
#....#....#
#....#....#
#...b#....#
#$...#....#
#....#....#
#....#


You could see 2 iguanas.

Vanquished Creatures
  A scorpion (D:4)
  A gnoll (D:1)
  4 adders
  An ooze (D:1)
  An adder skeleton (D:4)
  A worm (D:2)
  2 dart slugs (D:2)
  A leopard gecko (D:2)
  2 orcs (D:3)
  5 giant cockroaches
  2 goblins
  4 hobgoblins
  5 bats
  4 frilled lizards
  5 kobolds
  3 rats
42 creatures vanquished.

Vanquished Creatures (collateral kills)
  An orc priest (D:3)
  2 orcs (D:3)
3 creatures vanquished.

Grand Total: 45 creatures vanquished

Notes
Turn   | Place    | Note
-------+----------+-------------------------------------------
     0 | D:1      | SSird the Formicid Chaos Knight began the quest for the
                  | Orb.
     0 | D:1      | Reached XP level 1. HP: 18/18 MP: 1/1
   273 | D:1      | Reached XP level 2. HP: 21/25 MP: 2/2
   547 | D:1      | Reached skill level 1 in Dodging
   547 | D:1      | Reached XP level 3. HP: 30/30 MP: 3/3
   914 | D:1      | XOM: noise
  1234 | D:2      | XOM: silly message
  1303 | D:2      | Reached XP level 4. HP: 22/37 MP: 4/4
  1542 | D:2      | XOM: give mutations
  1542 | D:2      | Gained mutation: You expend magic power (3 MP) to
                  | strengthen your wands. [Xom's grace]
  1542 | D:2      | Gained mutation: You have an increased reservoir of magic.
                  | (+10% MP) [Xom's grace]
  1542 | D:2      | Gained mutation: Your flesh is heat resistant. (rF+) [Xom's
                  | grace]
  1868 | D:3      | XOM: butterfly on damage
  2106 | D:3      | XOM: give mutations
  2106 | D:3      | Gained mutation: Your spells are a little harder to cast,
                  | but a little more powerful. [Xom's grace]
  2106 | D:3      | Gained mutation: You have a somewhat thin skeletal
                  | structure. (Dex +2, Stealth) [Xom's grace]
  2146 | D:3      | Reached XP level 5. HP: 30/42 MP: 5/5
  2545 | D:3      | XOM: silly message
  2608 | D:4      | XOM: divination: detect items
  2797 | D:4      | XOM: butterfly on damage
  2806 | D:4      | HP: 1/43 [iguana (5)]
  2807 | D:4      | Mangled by an iguana

Illustrated notes

Levels and vault maps discovered:
D:1:      tarquinn_simple_flora_water_e, layout_loops_ring, grunt_decor_cap
D:2:      layout_loops_ring
D:3:      layout_rooms, first_ration, chequers_arboretum,
          kennysheep_generic_room_7
D:4:      layout_gridville, minmay_temple_entry_nine_rooms

Skill      XL: |  1  2  3  4  5 |
---------------+----------------+-----
Dodging        | 1 2 |  2.0
Fighting       | 4 |  4.5
Axes           | 4 |  4.3
Armour         | 3 |  3.0
Stealth        | |  0.1

Action                   |  1- 3 |  4- 6 || total
-------------------------+-------+-------++-------
Melee: Hand axe          |    74 |    56 ||   130
  Use: Potion            |       |     3 ||     3
 Stab: Paralysed         |     2 |       ||     2
  Eat: Chunk             |     1 |     5 ||     6
Armor: Leather armour    |    26 |    23 ||    49
Dodge: Dodged            |    51 |    48 ||    99
